 Seeded DCSS version 0.30-a0-586-g23e55c9e0a (webtiles) character file.

Game seed: 5985692054690180764 (custom seed)

489695 billz999 the Marksgnoll (level 24, -8/194 (196) HPs)
             Began as a Gnoll Hunter on Dec 30, 2022.
             Was the Champion of Kikubaaqudgha.
             Killed from afar by a quicksilver dragon (24 damage)
             ... with a bolt of dispelling energy
             ... on level 4 of the Realm of Zot on Jan 4, 2023.
             The game lasted 03:03:56 (54649 turns).

billz999 the Marksgnoll (Gnoll Hunter)             Turns: 54649, Time: 03:03:56

HP:   -8/194 (196)  AC: 27    Str: 25      XL:     24   Next: 70%
MP:   62/62         EV: 22    Int: 27      God:    Kikubaaqudgha [******]
Gold: 3207          SH:  0    Dex: 25 (26) Spells: 10/57 levels left

rFire   . . .      SeeInvis .    f - +7 longbow of Proximity {drain, Str+6 Dex+4 Stlth+}
rCold   + + .      Faith    .    (shield currently unavailable)
rNeg    . . .      Spirit   .    s - +4 chain mail "Wuyqamne" {rF- Will+++ MP+9 Str-2}
rPois   .          Reflect  .    N - +0 helmet of the Armoured One {rC+ Regen+ MP+9}
rElec   +          Harm     .    h - scarf {rC+ rF+}
rCorr   .          Rampage  .    E - +2 pair of gloves {Dex+3}
Will    ++++.                    O - +2 pair of boots {Fly}
Stlth   ++++                     l - amulet of magic regeneration
HPRegen 1.32/turn                K - ring "Koed Vitz" {rElec Int+7 Dex+6}
MPRegen 0.78/turn                w - ring of the Grinning Priest {Str+6 Int+7 Dex-4 Stlth-}

@: flying, very slightly contaminated, studying Necromancy, lightly drained,
unable to read
A: fangs 1, strong nose, distributed training, clumsy 1, deterioration 1,
screaming 1, wild magic 1, no potion heal 1, inability to read after injury 1
}: 3/15 runes: barnacled, silver, gossamer
a: Renounce Religion, Unearth Wretches, Torment, Brand Weapon With Pain, Receive
Forbidden Knowledge


You were on level 4 of the Realm of Zot.
You worshipped Kikubaaqudgha.
Kikubaaqudgha was exalted by your worship.
You visited 9 branches of the dungeon, and saw 44 of its levels.
You visited 1 bazaar.
You also visited: Trove, Gauntlet and Wizlab.

You collected 6567 gold pieces.
You spent 3360 gold pieces at shops.

Inventory:

Hand Weapons
 f - the +7 longbow of Proximity (weapon) {drain, Str+6 Dex+4 Stlth+}
   (You bought it in a shop on level 11 of the Dungeon)

   A truly terrible weapon, it drains the life of any living foe it strikes.
   Str:       It affects your strength (+6).
   Dex:       It affects your dexterity (+4).
   Stlth:     It makes you more stealthy.
 X - the +9 lance "Wyrmbane" {slay drac, rPois rF+ rC+ AC+3}
   (You took it off a hell knight on level 1 of the Depths)

   It inflicts extra damage against dragons and draconians.
   AC:        It affects your AC (+3).
   rF:        It protects you from fire.
   rC:        It protects you from cold.
   rPois:     It protects you from poison.
Missiles
 c - 2 throwing nets
Armour
 h - a scarf of resistance (worn)
 s - the +4 chain mail "Wuyqamne" (worn) {rF- Will+++ MP+9 Str-2}
   (You bought it in a shop on level 2 of the Dungeon)

   Str:       It affects your strength (-2).
   rF:        It makes you vulnerable to fire.
   MP:        It affects your magic capacity (+9).
   Will:      It greatly increases your willpower.
 E - a +2 pair of gloves of dexterity (worn)
 N - the +0 helmet of the Armoured One (worn) {rC+ Regen+ MP+9}
   (You found it on level 2 of the Lair of Beasts)

   rC:        It protects you from cold.
   MP:        It affects your magic capacity (+9).
   Regen:     It increases your rate of health regeneration.
 O - a +2 pair of boots of flying (worn)
Jewellery
 a - the ring of Ojiumuup {Fire rN+ Int+4}
   (You found it in a treasure trove)

   [ring of fire]

   It enhances your fire magic.
   Int:       It affects your intelligence (+4).
   rF:        It protects you from fire.
   rC:        It makes you vulnerable to cold.
   rN:        It protects you from negative energy.
 e - the ring "Louvig" {rF- Will+ Int+5}
   (You found it in a treasure trove)

   [ring of willpower]

   Int:       It affects your intelligence (+5).
   rF:        It makes you vulnerable to fire.
   Will:      It increases your willpower.
 l - an amulet of magic regeneration (around neck)
 n - a +4 ring of protection
 t - the ring of Napt {Ice Will+ Int+3}
   (You took it off a kobold on level 11 of the Dungeon)

   [ring of ice]

   It enhances your ice magic.
   Int:       It affects your intelligence (+3).
   rF:        It makes you vulnerable to fire.
   rC:        It protects you from cold.
   Will:      It increases your willpower.
 u - a ring of wizardry
 w - the ring of the Grinning Priest (right hand) {Str+6 Int+7 Dex-4 Stlth-}
   (You acquired it on level 6 of the Dungeon)

   [ring of strength]

   Str:       It affects your strength (+6).
   Int:       It affects your intelligence (+7).
   Dex:       It affects your dexterity (-4).
   Stlth:     It makes you less stealthy.
 H - a ring of see invisible
 K - the ring "Koed Vitz" (left hand) {rElec Int+7 Dex+6}
   (You found it in a treasure trove)

   [ring of dexterity]

   Int:       It affects your intelligence (+7).
   Dex:       It affects your dexterity (+6).
   rElec:     It insulates you from electricity.
 L - a +6 ring of intelligence
 Q - a ring of resist corrosion
 U - the ring "Oxogry" {Wiz rC+ MP+9 Str+2 Int+4}
   (You took it off a rakshasa on level 3 of the Depths)

   [ring of wizardry]

   It improves your spell success rate.
   Str:       It affects your strength (+2).
   Int:       It affects your intelligence (+4).
   rC:        It protects you from cold.
   MP:        It affects your magic capacity (+9).
 W - the ring of Xuuq {rPois rF- rC- rN+++ Dex+6}
   (You found it in a treasure trove)

   [ring of dexterity]

   Dex:       It affects your dexterity (+6).
   rF:        It makes you vulnerable to fire.
   rC:        It makes you vulnerable to cold.
   rPois:     It protects you from poison.
   rN:        It renders you almost immune to negative energy.
Wands
 m - a wand of paralysis (38)
 F - a wand of acid (4)
 M - a wand of mindburst (30)
 R - a wand of digging (27)
Scrolls
 b - 8 scrolls of immolation
 i - 3 scrolls of fog
 k - 11 scrolls of enchant armour
 o - 15 scrolls of identify
 v - 8 scrolls of teleportation
 y - 3 scrolls of silence
 C - 12 scrolls of enchant weapon
 I - a scroll of fear
 J - 2 scrolls of brand weapon
 P - 6 scrolls of butterflies
 S - a scroll of magic mapping
Potions
 d - 5 potions of resistance
 g - 7 potions of magic
 j - 2 potions of curing
 p - 2 potions of might
 q - 12 potions of ambrosia
 r - 3 potions of berserk rage
 x - 7 potions of brilliance
 z - 9 potions of attraction
 A - 6 potions of degeneration
 B - 10 potions of mutation
 D - 2 potions of lignification
 G - 5 potions of flight
 V - 4 potions of cancellation
 Z - 6 potions of haste
Miscellaneous
 T - a condenser vane (inert)
 Y - a condenser vane (inert)


   Skills:
 + Level 17.6 Fighting
 + Level 17.0 Short Blades
 + Level 17.0 Long Blades
 + Level 17.0 Axes
 + Level 17.0 Maces & Flails
 + Level 17.0 Polearms
 + Level 17.0 Staves
 + Level 18.7 Ranged Weapons
 + Level 17.0 Throwing
 + Level 17.0 Armour
 + Level 17.6 Dodging
 + Level 17.2 Stealth
 + Level 17.0 Shields
 + Level 17.0 Unarmed Combat
 + Level 17.0 Spellcasting
 + Level 14.5 Conjurations
 + Level 14.5 Hexes
 + Level 14.5 Summonings
 + Level 18.5 Necromancy
 + Level 14.5 Translocations
 + Level 14.5 Transmutations
 + Level 14.5 Fire Magic
 + Level 14.5 Ice Magic
 + Level 14.5 Air Magic
 + Level 14.5 Earth Magic
 + Level 14.5 Poison Magic
 + Level 18.4 Invocations
 + Level 17.0 Evocations


You had 10 spell levels left.
You knew the following spells:

 Your Spells              Type           Power      Damage    Failure   Level
a - Searing Ray           Conj           100%       2d8       1%          2
b - Sticky Flame          Conj/Fire      93%        2d10      1%          4
c - Freezing Cloud        Conj/Ice/Air   46%        6-21      1%          5
d - Borgnjor's Vile Clut  Necr/Erth      49%        N/A       1%          5
e - Death Channel         Necr           51%        N/A       1%          6
f - Summon Mana Viper     Hex/Summ       93%        N/A       1%          5
g - Dispel Undead         Necr           100%       3d31      1%          4
h - Irradiate             Conj/Tmut      46%        3d27      1%          5
i - Spider Form           Tmut/Pois      93%        N/A       1%          3
j - Necromutation         Tmut/Necr      49%        N/A       58%         8

Your spell library contained the following spells:

 Spells                   Type           Power      Damage    Failure   Level
 Freeze                   Ice            100%       1d10      1%          1
 Kiss of Death            Conj/Necr      100%       2d13      1%          1
 Magic Dart               Conj           100%       1d8       1%          1
 Necrotise                Necr           100%       1d9       1%          1
 Shock                    Conj/Air       100%       1d9       1%          1
 Slow                     Hex            100%       N/A       1%          1
 Sting                    Tmut/Pois      100%       1d8       1%          1
 Summon Small Mammal      Summ           100%       N/A       1%          1
 Blink                    Tloc           100%       N/A       1%          2
 Cigotuvi's Dreadful Rot  Necr/Pois/Air  100%       N/A       1%          2
 Ensorcelled Hibernation  Hex/Ice        100%       N/A       1%          2
 Momentum Strike          Conj/Tloc      100%       3d10      1%          2
 Scorch                   Fire           100%       2d10      1%          2
 Sublimation of Blood     Necr           100%       N/A       1%          2
 Wereblood                Tmut           93%        N/A       1%          2
 Call Canine Familiar     Summ           93%        N/A       1%          3
 Confusing Touch          Hex            93%        N/A       1%          3
 Dazzling Flash           Conj/Hex       100%       N/A       1%          3
 Frozen Ramparts          Ice            100%       1d16      1%          3
 Gell's Gravitas          Tloc           93%        N/A       1%          3
 Hailstorm                Conj/Ice       93%        3d18      1%          3
 Ignite Poison            Fire/Tmut/Pois 93%        N/A       1%          3
 Inner Flame              Hex/Fire       93%        N/A       1%          3
 Kindle Blastsparks       Fire/Tloc/Air  100%       2d18      1%          3
 Lesser Beckoning         Tloc           100%       N/A       1%          3
 Ozocubu's Armour         Ice            93%        N/A       1%          3
 Stone Arrow              Conj/Erth      100%       3d13      1%          3
 Summon Guardian Golem    Hex/Summ       93%        N/A       1%          3
 Swiftness                Air            93%        N/A       1%          3
 Teleport Other           Tloc           93%        N/A       1%          3
 Vampiric Draining        Necr           100%       2d13      1%          3
 Airstrike                Air            46%        2d(7-23)  1%          4
 Anguish                  Hex/Necr       49%        N/A       1%          4
 Animate Armour           Summ/Erth      100%       N/A       1%          4
 Animate Dead             Necr           100%       N/A       1%          4
 Flame Wave               Conj/Fire      93%        2d20      1%          4
 Fulminant Prism          Conj/Hex       46%        3d21      1%          4
 Ice Form                 Ice/Tmut       93%        N/A       1%          4
 Iskenderun's Mystic Bla  Conj/Tloc      93%        2d18      1%          4
 Manifold Assault         Tloc           93%        N/A       1%          4
 Petrify                  Tmut/Erth      93%        N/A       1%          4
 Summon Ice Beast         Ice/Summ       93%        N/A       1%          4
 Agony                    Necr           100%       N/A       1%          5
 Fireball                 Conj/Fire      46%        3d18      1%          5
 Iskenderun's Battlesphe  Conj           93%        2d14      1%          5
 Metabolic Englaciation   Hex/Ice        46%        N/A       1%          5
 Summon Forest            Summ/Tloc      46%        N/A       1%          5
 Simulacrum               Ice/Necr       49%        N/A       2%          6
 Conjure Ball Lightning   Conj/Air       46%        3x3d16    5%          6
 Dispersal                Tloc           46%        N/A       5%          6
 Summon Cactus Giant      Summ           46%        N/A       5%          6
 Enfeeble                 Hex            46%        N/A       24%         7
 Monstrous Menagerie      Summ           46%        N/A       24%         7
 Orb of Destruction       Conj           46%        9d12      24%         7
 Ozocubu's Refrigeration  Ice            46%        4d17      24%         7
 Summon Hydra             Summ           46%        N/A       24%         7
 Borgnjor's Revivificati  Necr           51%        N/A       34%         8
 Disjunction              Tloc           46%        N/A       85%         8
 Lehudib's Crystal Spear  Conj/Erth      46%        10d11     85%         8
 Death's Door             Necr           51%        N/A       99%         9
 Chain Lightning          Conj/Air       46%        3d62      100%        9
 Fire Storm               Conj/Fire      46%        8d12      100%        9
 Shatter                  Erth           46%        3d36*     100%        9


Dungeon Overview and Level Annotations

Branches:
Dungeon (15/15)            Temple (1/1) D:4            Lair (5/5) D:8
 Shoals (4/4) Lair:2       Spider (4/4) Lair:3        Slime (0/5) Lair:5
    Orc (2/2) D:11            Elf (0/3) Orc:2        Vaults (5/5) D:13
  Crypt (0/3) Vaults:2     Depths (4/4) D:15            Zot (4/5) Depths:4
 WizLab (visited)         Gauntlet (visited)

Altars:
Ashenzari
Cheibriados
Dithmenos
Elyvilon
Fedhas
Gozag
Hepliaklqana
Kikubaaqudgha
Makhleb
Nemelex Xobeh
Okawaru
Qazlal
Ru
Sif Muna
Trog
Uskayaw
Vehumet
Wu Jian
Xom
Yredelemnul
Zin
The Shining One
Jiyva

Shops:
D:1 [   D:2 ![[*[   D:4 (   D:11 (   D:13 *   D:14 (   Orc:1 (   Orc:2 *(***
Vaults:2 (   Vaults:3 *   Depths:1 *=   Depths:2 (

Portals:
Hell: Depths:1 Depths:2 Depths:3 Depths:4
Abyss: Depths:3
Pandemonium: Depths:1 Depths:2 Depths:3
Ziggurat: Depths:2

Annotations:
D:3 2 runed translucent doors, superbruh's ghost, amateur GnCK
D:4 2 transporters
Depths:1 5 runed translucent doors


Innate Abilities, Weirdness & Mutations

You have very sharp teeth.
Your uncanny sense of smell can sniff out nearby items.
Your experience applies equally to all skills.
You are clumsy. (Dex -2)
Your body sometimes deteriorates upon taking damage.
You occasionally shout uncontrollably at your foes.
Your spells are a little harder to cast, but a little more powerful.
Potions are less effective at restoring your health.
You occasionally lose the ability to read scrolls when taking damage.


Message History

Your magical effects are unravelling.
Your spectral draconian knight completely misses the quicksilver dragon.
Your spectral red draconian hits the orb of fire but does no damage.
The orb of fire is engulfed in freezing vapours.
The orb of fire glows bright magenta.
The bolt of fire hits you!! You resist.
Aiming: Corrosive Bolt
Press: ? - help, Shift-Dir - straight line, f/p - orb of fire
Aim: an orb of fire (freezing vapour, lightly damaged, ally target, 46% to hit)
The bolt of acid misses the orb of fire.
Your unholy channel expires.
Your resistance to elements expires.
Your spectral draconian shifter fades into mist!
Your spectral red draconian fades into mist!
Your spectral draconian knight fades into mist!
The quicksilver dragon is engulfed in freezing vapours. x2
The orb of fire glows bright magenta.
The fireball explodes!
The fireball engulfs you!!!
You feel threatened and lose the ability to read scrolls!
* * * LOW HITPOINT WARNING * * *
You cannot read scrolls in your current state!
Unknown command.
Okay, then.
Okay, then.
Clouds of freezing vapour condense around you!
The condenser dries out!
The quicksilver dragon is engulfed in freezing vapours.
The orb of fire glows yellow.
The fireball explodes!
The fireball engulfs you!!
* * * LOW HITPOINT WARNING * * *
Your body deteriorates!
You feel clumsy.
You hear a sizzling sound!
Your system partially rejects the healing.
You feel better.
The quicksilver dragon is engulfed in freezing vapours.
The orb of fire is engulfed in freezing vapours.
The quicksilver dragon is engulfed in freezing vapours.
The quicksilver dragon breathes dispelling energy at you.
The bolt of dispelling energy hits you!!
You die...
Kikubaaqudgha rasps: "You have failed me!
Welcome... death!"

.# ###...........#
###?# ..#
###....#### §§.#
#..# ###.## #§§#
##..# ##.## ##§§#
#..####...###
###§§# #
##.........###§§§°#
#
###.........§§§§.##
.#
##........*D§...#
#..#
#.......@.######
### #.....#####
#######


You could see an orb of fire and a quicksilver dragon (catching breath).

Vanquished Creatures
  2 ancient liches (Vaults:5)
  Sojobo (Vaults:4)
  Saint Roka (Depths:1)
  Margery (Vaults:5)
  A caustic shrike (Depths:1)
  3 golden dragons
  A bone dragon (Depths:3)
  Mlioglotl (Shoals:3)
  A lich (Depths:4)
  5 tentacled monstrosities
  A walking frostbound tome (Depths:3)
  Asterion (Depths:1)
  6 titans
  3 quicksilver dragons
  A sphinx (Vaults:5)
  Polyphemus (Shoals:2)
  A death cob (Zot:1)
  An ancient champion (Vaults:2)
  Gastronok (D:10)
  A kraken (Shoals:1)
  9 tengu reavers
  Kirke (D:14)
  5 shadow dragons (Vaults:5)
  7 storm dragons
  2 draconian monks
  7 frost giants
  9 fire giants
  The ghost of DSscumlord the Carver, an adept DsWn of Wu Jian (Shoals:1)
  3 draconian knights
  6 emperor scorpions
  20 vault wardens
  2 draconian scorchers (Zot:1)
  4 iron dragons
  A balrug (Depths:1)
  2 draconian shifters
  2 spriggan defenders (Depths:2)
  7 broodmothers
  30 very ugly things
  18 ironbound preservers
  3 war gargoyles
  A draconian stormcaller (Zot:4)
  A draconian annihilator (Zot:4)
  A reaper (Depths:3)
  17 stone giants
  A vampire knight (Depths:3)
  5 ironbound thunderhulks
  2 green draconians
  3 black draconians
  A deep elf demonologist (Vaults:5)
  6 dire elephants
  8 red draconians
  A bunyip (shapeshifter) (Vaults:5)
  A yellow draconian (Zot:1)
  3 white draconians
  6 spark wasps
  A minotaur (Shoals:1)
  2 purple draconians
  9 ettins
  5 merfolk javelineers
  7 merfolk impalers
  7 great orbs of eyes
  7 entropy weavers
  5 deep elf high priests (Vaults:5)
  A jiangshi (Vaults:2)
  6 fire dragons
  A deep elf death mage (Vaults:5)
  17 yaktaur captains
  3 rakshasas (Depths:3)
  12 ice dragons
  8 hydras
  31 vault guards
  An anaconda (shapeshifter) (Vaults:5)
  A salamander tyrant (Depths:3)
  4 jorogumos
  2 ogre magi (Vaults:5)
  4 two-headed ogres
  3 spriggan air magi
  A peacekeeper (Vaults:2)
  6 ironbound frosthearts
  3 merfolk aquamancers
  4 boulder beetles
  13 centaur warriors
  2 merfolk avatars
  4 radroaches
  3 catoblepae
  2 death knights
  5 satyrs
  An alligator (shapeshifter) (Depths:4)
  6 tengu warriors
  4 deep troll shamans
  6 death yaks
  6 deep troll earth magi
  A dancing weapon (Vaults:5)
  6 spriggan berserkers
  4 orc high priests (Orc:2)
  2 sun demons
  A hell hog (Depths:3)
  11 hell knights
  2 flayed ghosts
  2 death drakes (shapeshifter)
  Lodul (D:13)
  2 sun moths (Spider:4)
  A salamander mystic (Depths:3)
  6 pharaoh ants
  14 sea snakes
  12 orb spiders
  3 glowing orange brains
  A lindwurm (Lair:5)
  18 ironbound convokers
  9 wizards
  40 deep trolls
  2 spectral wolf spiders (Spider:4)
  10 steelbarb worms
  3 deep elf pyromancers
  A necromancer (Vaults:5)
  Pikel (D:9)
  3 phantasmal warriors
  2 wolf spider zombies (Spider:4)
  6 orc sorcerers
  7 orc knights
  30 harpies
  46 ugly things
  25 fauns
  An oklob plant (Lair:5)
  10 cyclopes
  17 manticores
  16 wolf spiders
  6 salamanders (Depths:3)
  15 moths of wrath
  3 black mambas
  An ice statue (Shoals:4)
  7 merfolk sirens
  21 elephants
  9 water nymphs
  2 gargoyles (D:12)
  11 vault sentinels
  A rust devil (Depths:3)
  4 demonic crawlers
  7 cane toads
  3 torpor snails
  2 rime drakes (Lair:5)
  10 komodo dragons
  2 kobold demonologists (D:12)
  2 freezing wraiths
  2 tengu conjurers
  An efreet (D:15)
  25 yaktaurs
  5 trolls
  A queen bee (Spider:1)
  2 harpy zombies (Shoals:2)
  A hellwing (Depths:1)
  13 meliai
  4 polar bears
  20 tarantellas
  20 merfolk
  13 snapping turtles
  9 wind drakes
  7 wolf spider simulacra (Spider:4)
  13 hornets
  A dream sheep (shapeshifter) (Vaults:4)
  6 blink frogs (Lair:5)
  A snapping turtle (shapeshifter) (Vaults:5)
  2 dream sheep (Shoals:3)
  31 jumping spiders
  28 slime creatures
  A shadow (D:11)
  A culicivora (shapeshifter) (D:15)
  23 water elementals
  23 culicivoras
  A spriggan (Depths:3)
  2 wraiths (D:11)
  2 wyverns
  A yak (shapeshifter) (Vaults:5)
  2 vampires (D:13)
  5 basilisks
  41 yaks
  4 hogs (D:14)
  A fire elemental (Depths:1)
  Grum (D:10)
  46 redbacks
  7 steam dragons
  3 acid dragons
  13 water moccasins
  2 wargs (Depths:1)
  Edmund (D:4)
  2 sky beasts
  2 black bears
  2 ice beasts
  2 manticore zombies (Shoals:2)
  19 orc warriors
  20 ogres
  9 boggarts (Vaults:1)
  A wolf (D:10)
  15 centaurs
  A lemure (D:9)
  2 phantoms
  A nameless horror (Spider:1)
  2 kobold brigands
  16 bullfrogs
  2 necrophages
  2 gnoll sergeants
  4 scorpions
  A hornet simulacrum (D:15)
  8 wights
  28 killer bees
  An electric eel (Lair:2)
  3 howler monkeys
  14 orc priests
  8 hounds
  2 jellies (D:7)
  A gnoll bouda (D:8)
  5 iguanas
  20 orc wizards
  5 adders
  12 gnolls
  A shadow imp (D:8)
  4 white imps
  An ufetubus (D:4)
  3 worms
  A dart slug (D:1)
  39 orcs
  A bat zombie (Shoals:2)
  7 endoplasms
  2 giant cockroaches
  4 hobgoblins
  4 jackals (D:1)
  17 kobolds
  6 quokkas
  4 ball pythons
  6 bats
  2 frilled lizards (D:3)
  7 goblins
  6 rats
  3 tentacles (Shoals:1)
1568 creatures vanquished.

Vanquished Creatures (collateral kills)
  A caustic shrike (Depths:3)
  A sphinx (Depths:3)
  2 shadow dragons
  2 tengu reavers
  2 vault wardens
  An emperor scorpion (Spider:1)
  2 ghost moths
  A draconian shifter (Zot:1)
  A draconian annihilator (Zot:1)
  A spriggan defender (Depths:3)
  2 ironbound preservers
  2 ironbound thunderhulks
  2 stone giants
  2 green draconians
  2 red draconians (Zot:1)
  4 dire elephants
  A deep elf annihilator (Vaults:1)
  A spark wasp (Spider:4)
  An ettin (Depths:3)
  A yaktaur captain (Vaults:4)
  2 ice dragons
  A great orb of eyes (Vaults:4)
  A vault guard (D:13)
  2 centaur warriors
  A merfolk avatar (Lair:5)
  A death knight (D:15)
  2 deep troll shamans
  A boulder beetle (D:13)
  2 death yaks (Lair:5)
  2 tengu warriors
  A hell knight (Depths:2)
  A vampire mage (D:15)
  A skeletal warrior (D:12)
  A salamander mystic (Depths:3)
  A pharaoh ant (Spider:2)
  A glowing orange brain (Vaults:1)
  An orb spider (Spider:4)
  A wizard (Vaults:4)
  11 deep trolls
  A harpy (Shoals:1)
  An ironbound convoker (Vaults:2)
  2 steelbarb worms (Spider:4)
  2 spectral wolf spiders (Spider:4)
  A necromancer (Depths:2)
  2 wolf spiders (Spider:4)
  11 ugly things
  2 fauns (Shoals:1)
  An elephant (Shoals:1)
  A smoke demon (Depths:3)
  A water nymph (Shoals:4)
  A gargoyle (D:13)
  5 vault sentinels
  4 unseen horrors
  A cane toad (Lair:5)
  3 yaktaurs
  3 tengu conjurers (Depths:2)
  A snapping turtle (Lair:5)
  A jumping spider (Spider:2)
  A culicivora (Spider:2)
  2 slime creatures
  A yak (Lair:5)
  A spriggan (Depths:2)
  A shadow (D:12)
  A vampire (D:12)
  2 water elementals
  A wraith (D:14)
  2 wyverns (Lair:5)
  2 redbacks (Spider:4)
  An acid dragon (D:13)
  A wolf (D:10)
  A kobold brigand (D:11)
  A killer bee (D:10)
  2 orc priests (Orc:1)
  3 orcs (Orc:1)
  A kobold (D:11)
134 creatures vanquished.

Vanquished Creatures (others)
  A deep elf demonologist (Vaults:5)
  A sun demon (Depths:1)
  An ugly thing (Vaults:2)
  A water elemental (Shoals:4)
  An ogre (Vaults:5)
  A worm (D:6)
  An orc (D:6)
  26 demonic plants (Gauntlet)
  17 fungi
  243 plants
  A tentacle (Shoals:1)
294 creatures vanquished.

Grand Total: 1996 creatures vanquished

Notes
Turn   | Place    | Note
-------+----------+-------------------------------------------
     0 | D:1      | billz999 the Gnoll Hunter began the quest for the Orb.
     0 | D:1      | Reached XP level 1. HP: 20/20 MP: 1/1
     2 | D:1      | Found Uxzetoer's Armour Shoppe.
   109 | D:1      | Reached XP level 2. HP: 26/26 MP: 2/2
   315 | D:1      | Reached XP level 3. HP: 31/31 MP: 3/3
   517 | D:2      | Reached skill level 1 in Invocations
   565 | D:2      | Found Mine Poi's Armour Emporium.
   606 | D:2      | Found Pureaz's Distillery.
   625 | D:2      | Reached skill level 1 in Short Blades
   625 | D:2      | Reached skill level 1 in Long Blades
   625 | D:2      | Reached skill level 1 in Axes
   625 | D:2      | Reached skill level 1 in Maces & Flails
   625 | D:2      | Reached skill level 1 in Polearms
   625 | D:2      | Reached skill level 1 in Staves
   625 | D:2      | Reached skill level 1 in Throwing
   625 | D:2      | Reached skill level 1 in Armour
   625 | D:2      | Reached skill level 1 in Shields
   625 | D:2      | Reached skill level 1 in Unarmed Combat
   625 | D:2      | Reached skill level 1 in Spellcasting
   625 | D:2      | Reached skill level 1 in Evocations
   852 | D:2      | Found Xoxuuzaf's Armour Boutique.
   935 | D:2      | Identified 2 scrolls of acquirement
   935 | D:2      | Acquired a +2 pair of boots of flying
   936 | D:2      | Acquired the Directory of Numb Attacks
  1172 | D:2      | Found Cuipny's Antique Armour Shoppe.
  1260 | D:2      | Reached XP level 4. HP: 38/38 MP: 5/5
  1267 | D:2      | Found Viamof's Assorted Antiques.
  1363 | D:3      | Found a runed translucent door.
  1366 | D:3      | Noticed superbruh's ghost (amateur GnCK)
  1404 | D:3      | Reached skill level 1 in Conjurations
  1404 | D:3      | Reached skill level 1 in Hexes
  1404 | D:3      | Reached skill level 1 in Summonings
  1404 | D:3      | Reached skill level 1 in Necromancy
  1404 | D:3      | Reached skill level 1 in Translocations
  1404 | D:3      | Reached skill level 1 in Transmutations
  1404 | D:3      | Reached skill level 1 in Fire Magic
  1404 | D:3      | Reached skill level 1 in Ice Magic
  1404 | D:3      | Reached skill level 1 in Air Magic
  1404 | D:3      | Reached skill level 1 in Earth Magic
  1404 | D:3      | Reached skill level 1 in Poison Magic
  1462 | D:3      | Found a runed translucent door.
  1776 | D:4      | Noticed a phantom
  1785 | D:4      | Found Yfergh's Antique Weapon Emporium.
  1799 | D:4      | Killed a phantom
  1800 | D:4      | Reached XP level 5. HP: 13/43 MP: 5/7
  1922 | D:4      | Bought an ichor-stained sling for 143 gold pieces
  1922 | D:4      | Identified the +5 sling of Cuhaotef {flame, Will+ Int+4
                  | Dex-3} (You bought it in a shop on level 4 of the Dungeon)
  1930 | D:4      | Noticed a sky beast
  1939 | D:4      | Killed a sky beast
  1940 | D:4      | Reached skill level 5 in Fighting
  1940 | D:4      | Reached skill level 5 in Dodging
  1940 | D:4      | Reached XP level 6. HP: 51/51 MP: 7/9
  1990 | D:4      | Noticed a black bear
  1996 | D:4      | Killed a black bear
  2040 | D:4      | Noticed Edmund
  2054 | D:4      | Killed Edmund
  2055 | D:4      | Reached XP level 7. HP: 20/56 MP: 10/10
  2189 | D:4      | Found a transporter.
  2194 | D:4      | Noticed a fire bat
  2462 | D:4      | Found a transporter.
  2495 | D:4      | Found a staircase to the Ecumenical Temple.
  2627 | Temple   | Entered the Ecumenical Temple
  2632 | Temple   | Became a worshipper of Kikubaaqudgha
  2746 | D:5      | Entered Level 5 of the Dungeon
  2758 | D:5      | Noticed a +0 spear
  2760 | D:5      | Noticed a +0 falchion
  2761 | D:5      | Noticed a +0 dagger
  3081 | D:5      | Reached XP level 8. HP: 42/63 MP: 12/12
  3363 | D:5      | Identified the +10 short sword of Courage {freeze, rCorr
                  | Str+2}
  3408 | D:5      | Noticed a +0 short sword
  3408 | D:5      | Noticed a +0 spear
  3408 | D:5      | Noticed a +0 falchion
  3409 | D:5      | Noticed a +0 dagger
  3410 | D:5      | Noticed a +0 short sword
  3456 | D:5      | Found a hide-covered altar of Uskayaw.
  4022 | D:6      | Reached * piety under Kikubaaqudgha
  4022 | D:6      | Received a gift from Kikubaaqudgha
  4182 | D:6      | Found a sacrificial altar of Ru.
  4265 | D:6      | Acquired the ring of the Grinning Priest {Str+6 Int+7 Dex-4
                  | Stlth-}
  4542 | D:6      | Noticed a two-headed ogre
  4753 | D:6      | Reached XP level 9. HP: 55/69 MP: 14/14
  4925 | D:6      | Upgraded the game from 0.30-a0-576-g89cddaab80 to
                  | 0.30-a0-586-g23e55c9e0a
  5171 | D:7      | Learned a level 2 spell: Searing Ray
  5176 | D:7      | Learned a level 4 spell: Sticky Flame
  5182 | D:7      | Learned a level 5 spell: Freezing Cloud
  5269 | D:7      | Reached skill level 5 in Stealth
  5399 | D:7      | Found a snail-covered altar of Cheibriados.
  5525 | D:7      | Reached skill level 5 in Invocations
  5810 | D:7      | Found a shimmering blue altar of Sif Muna.
  6277 | D:8      | Found a radiant altar of Vehumet.
  6445 | D:2      | Bought a +2 pair of gloves of dexterity for 301 gold pieces
  6954 | D:8      | Reached ** piety under Kikubaaqudgha
  7130 | D:8      | Noticed a two-headed ogre
  7134 | D:8      | Killed a two-headed ogre
  7135 | D:8      | Reached skill level 5 in Short Blades
  7135 | D:8      | Reached skill level 5 in Long Blades
  7135 | D:8      | Reached skill level 5 in Axes
  7135 | D:8      | Reached skill level 5 in Maces & Flails
  7135 | D:8      | Reached skill level 5 in Polearms
  7135 | D:8      | Reached skill level 5 in Staves
  7135 | D:8      | Reached skill level 10 in Ranged Weapons
  7135 | D:8      | Reached skill level 5 in Throwing
  7135 | D:8      | Reached skill level 5 in Armour
  7135 | D:8      | Reached skill level 5 in Shields
  7135 | D:8      | Reached skill level 5 in Unarmed Combat
  7135 | D:8      | Reached skill level 5 in Spellcasting
  7135 | D:8      | Reached skill level 5 in Evocations
  7135 | D:8      | Reached XP level 10. HP: 58/79 MP: 11/17
  7213 | D:8      | Identified the +1 leather armour of Absence {Rampage rElec
                  | rF+ rC+}
  7373 | D:8      | Found a staircase to the Lair.
  8120 | D:9      | Noticed Pikel
  8126 | D:9      | Killed Pikel
  8220 | D:9      | Reached skill level 5 in Conjurations
  8220 | D:9      | Reached skill level 5 in Hexes
  8220 | D:9      | Reached skill level 5 in Summonings
  8220 | D:9      | Reached skill level 5 in Necromancy
  8220 | D:9      | Reached skill level 5 in Translocations
  8220 | D:9      | Reached skill level 5 in Transmutations
  8220 | D:9      | Reached skill level 5 in Fire Magic
  8220 | D:9      | Reached skill level 5 in Ice Magic
  8220 | D:9      | Reached skill level 5 in Air Magic
  8220 | D:9      | Reached skill level 5 in Earth Magic
  8220 | D:9      | Reached skill level 5 in Poison Magic
  8236 | D:9      | Reached XP level 11. HP: 23/85 MP: 8/20
  8509 | D:9      | Reached *** piety under Kikubaaqudgha
  8509 | D:9      | Received a gift from Kikubaaqudgha
  8961 | D:9      | Found a glowing silver altar of Zin.
  8969 | D:9      | Found a basalt altar of Yredelemnul.
  9110 | D:10     | Entered Level 10 of the Dungeon
  9148 | Lair:1   | Entered Level 1 of the Lair of Beasts
  9163 | Lair:1   | Learned a level 5 spell: Borgnjor's Vile Clutch
  9170 | Lair:1   | Learned a level 6 spell: Death Channel
  9188 | Lair:1   | Found a gate leading to a gauntlet.
  9211 | Gauntlet | Entered a Gauntlet
  9211 | Gauntlet | Found a transporter.
  9211 | Gauntlet | Found a transporter.
  9211 | Gauntlet | Found a transporter.
  9212 | Gauntlet | Found a transporter.
  9215 | Gauntlet | Found a transporter.
  9215 | Gauntlet | Found a transporter.
  9217 | Gauntlet | Found a large runed translucent door.
  9218 | Gauntlet | Found a large runed translucent door.
  9219 | Gauntlet | Found a large runed translucent door.
  9219 | Gauntlet | Found a large runed translucent door.
  9219 | Gauntlet | Found a runed translucent door.
  9219 | Gauntlet | Found a runed translucent door.
  9220 | Gauntlet | Found a large runed translucent door.
  9220 | Gauntlet | Found a large runed translucent door.
  9220 | Gauntlet | Found a large runed translucent door.
  9220 | Gauntlet | Found a large runed translucent door.
  9221 | Gauntlet | Found a large runed translucent door.
  9221 | Gauntlet | Found a large runed translucent door.
  9222 | Gauntlet | Found a large runed translucent door.
  9222 | Gauntlet | Found a large runed translucent door.
  9223 | Gauntlet | Found a runed translucent gate.
  9223 | Gauntlet | Found a runed translucent gate.
  9223 | Gauntlet | Found a runed translucent gate.
  9225 | Gauntlet | Found a transporter.
  9229 | Gauntlet | Found a transporter.
  9231 | Gauntlet | Noticed a necromancer
  9231 | Gauntlet | Noticed a death drake
  9236 | Gauntlet | Noticed a death yak
  9236 | Gauntlet | Noticed a death yak
  9237 | Gauntlet | Noticed a death yak
  9237 | Gauntlet | Noticed a death yak
  9237 | Gauntlet | Noticed a death yak
  9239 | Gauntlet | Found a transporter.
  9271 | Gauntlet | Found a large runed translucent door.
  9271 | Gauntlet | Found a large runed translucent door.
  9274 | Gauntlet | Found a large runed translucent door.
  9274 | Gauntlet | Found a large runed translucent door.
  9344 | Gauntlet | Found a transporter.
  9344 | Gauntlet | Found a transporter.
  9356 | Gauntlet | Found a transporter.
  9368 | Gauntlet | Found a transporter.
  9372 | Gauntlet | Found a transporter.
  9382 | Gauntlet | Found a transporter.
  9386 | Gauntlet | Found a transporter.
  9396 | Gauntlet | Found a transporter.
  9413 | Gauntlet | a cane toad changed into an entropy weaver
  9413 | Gauntlet | Noticed an entropy weaver (shapeshifter)
  9416 | Gauntlet | Found a transporter.
  9416 | Gauntlet | an entropy weaver changed into a fire crab
  9416 | Gauntlet | Noticed a fire crab (shapeshifter)
  9420 | Gauntlet | a fire crab changed into a redback
  9431 | Gauntlet | Found a transporter.
  9435 | Gauntlet | Found a transporter.
  9437 | Gauntlet | Found a large runed translucent door.
  9438 | Gauntlet | Found a large runed translucent door.
  9439 | Gauntlet | Found a large runed translucent door.
  9439 | Gauntlet | Found a large runed translucent door.
  9439 | Gauntlet | Found a runed translucent door.
  9439 | Gauntlet | Found a runed translucent door.
  9440 | Gauntlet | Found a large runed translucent door.
  9441 | Gauntlet | Found a large runed translucent door.
  9442 | Gauntlet | Found a large runed translucent door.
  9442 | Gauntlet | Found a large runed translucent door.
  9443 | Gauntlet | Found a runed translucent gate.
  9443 | Gauntlet | Found a runed translucent gate.
  9443 | Gauntlet | Found a runed translucent gate.
  9445 | Gauntlet | Found a transporter.
  9449 | Gauntlet | Found a transporter.
  9459 | Gauntlet | Found a transporter.
  9494 | Gauntlet | Found a large runed translucent door.
  9494 | Gauntlet | Found a large runed translucent door.
  9495 | Gauntlet | Found a large runed translucent door.
  9496 | Gauntlet | Found a large runed translucent door.
  9497 | Gauntlet | Found a large runed translucent door.
  9497 | Gauntlet | Found a large runed translucent door.
  9498 | Gauntlet | Found a large runed translucent door.
  9499 | Gauntlet | Found a large runed translucent door.
  9726 | Lair:1   | Noticed an eight-headed hydra
  9734 | Lair:1   | Killed an eight-headed hydra
  9942 | Lair:1   | You fall into a shaft and drop 1 floor!
  9942 | Lair:2   | Noticed a six-headed hydra
 10041 | Lair:2   | Killed a six-headed hydra
 10823 | Lair:1   | Reached XP level 12. HP: 76/94 MP: 5/22
 11934 | Lair:2   | Identified the +0 helmet of the Armoured One {rC+ Regen+
                  | MP+9}
 12030 | Lair:2   | Reached **** piety under Kikubaaqudgha
 12306 | Lair:2   | Found a staircase to the Shoals.
 12557 | Lair:3   | Noticed an eight-headed hydra
 12565 | Lair:3   | Killed an eight-headed hydra
 13066 | Lair:3   | Found a hole to the Spider Nest.
 13588 | Lair:4   | Noticed a six-headed hydra
 13592 | Lair:4   | Killed a six-headed hydra
 13638 | Lair:4   | Noticed an eight-headed hydra
 13642 | Lair:4   | Killed an eight-headed hydra
 13768 | Lair:4   | Reached XP level 13. HP: 100/101 MP: 7/25
 13833 | Lair:4   | Got the Compendium of Impulse
 14253 | Lair:5   | Entered Level 5 of the Lair of Beasts
 14963 | Lair:5   | Reached skill level 10 in Fighting
 14963 | Lair:5   | Reached skill level 10 in Dodging
 14972 | Lair:5   | Learned a level 5 spell: Summon Mana Viper
 15512 | Lair:5   | Found a viscous altar of Jiyva.
 15513 | Lair:5   | Found a staircase to the Slime Pits.
 15549 | Lair:5   | Reached XP level 14. HP: 109/110 MP: 1/27
 15550 | Lair:5   | Reached skill level 10 in Invocations
 15681 | Lair:5   | Reached ***** piety under Kikubaaqudgha
 16053 | D:9      | Learned a level 4 spell: Dispel Undead
 16250 | D:10     | Noticed Grum
 16253 | D:10     | Noticed Gastronok
 16257 | D:10     | Killed Grum
 16265 | D:10     | Killed Gastronok
 16592 | D:10     | Found a portal to a secret trove of treasure.
 16596 | Trove    | Entered a treasure trove
 16604 | Trove    | Identified the ring of Xuuq {rPois rF- rC- rN+++ Dex+6}
 16612 | Trove    | Identified the ring of Ojiumuup {Fire rN+ Int+4}
 16618 | Trove    | Identified the ring "Louvig" {rF- Will+ Int+5}
 16624 | Trove    | Identified the ring "Koed Vitz" {rElec Int+7 Dex+6}
 16922 | D:11     | Found Bixzatob's Antique Weapon Boutique.
 16927 | D:11     | Bought a crystal longbow for 356 gold pieces
 16927 | D:11     | Identified the +7 longbow of Proximity {drain, Str+6 Dex+4
                  | Stlth+} (You bought it in a shop on level 11 of the
                  | Dungeon)
 17198 | D:11     | Identified the ring of Napt {Ice Will+ Int+3}
 17284 | D:11     | Found a staircase to the Orcish Mines.
 17388 | Orc:1    | Entered Level 1 of the Orcish Mines
 17593 | Orc:1    | Found Efoisaeb's Weapon Emporium.
 17678 | Orc:1    | Found a radiant altar of Vehumet.
 17850 | Orc:2    | Entered Level 2 of the Orcish Mines
 17850 | Orc:2    | Found Nayt's Needful Niceties.
 17968 | Orc:2    | Reached skill level 10 in Stealth
 18161 | Orc:2    | Bought a manual of Necromancy for 1120 gold pieces
 18266 | Orc:2    | Found a staircase to the Elven Halls.
 18324 | Orc:2    | Found Taukiast's General Store.
 18329 | Orc:2    | Found Piluora's Antique Weapon Shop.
 18352 | Orc:2    | Found Akuabrets's General Store.
 18354 | Orc:2    | Found Kesuaq's Assorted Antiques.
 18363 | Orc:2    | Bought a fabulously ornate robe for 176 gold pieces
 18363 | Orc:2    | Identified the +1 robe of Men Qonk {rCorr Archmagi} (You
                  | bought it in a shop on level 2 of the Orcish Mines)
 18747 | D:12     | Identified the +10 trident of Fatigue {freeze, rC+ Str+2}
 19089 | D:12     | Reached skill level 10 in Short Blades
 19089 | D:12     | Reached skill level 10 in Long Blades
 19089 | D:12     | Reached skill level 10 in Axes
 19089 | D:12     | Reached skill level 10 in Maces & Flails
 19089 | D:12     | Reached skill level 10 in Polearms
 19089 | D:12     | Reached skill level 10 in Staves
 19089 | D:12     | Reached skill level 10 in Throwing
 19089 | D:12     | Reached skill level 10 in Armour
 19089 | D:12     | Reached skill level 10 in Shields
 19089 | D:12     | Reached skill level 10 in Unarmed Combat
 19089 | D:12     | Reached skill level 10 in Spellcasting
 19089 | D:12     | Reached skill level 10 in Evocations
 19407 | D:13     | Found Otsa's General Store.
 19502 | D:13     | Reached XP level 15. HP: 111/118 MP: 29/29
 19716 | D:13     | Found a gate to the Vaults.
 19947 | D:13     | Noticed Lodul
 19951 | D:13     | Killed Lodul
 20472 | D:14     | Found Quiprax's Antique Weapon Boutique.
 20500 | D:14     | Noticed Kirke
 20506 | D:14     | Killed Kirke
 21134 | D:15     | Entered Level 15 of the Dungeon
 22121 | D:15     | Reached skill level 10 in Necromancy
 22192 | D:15     | Reached XP level 16. HP: 36/127 MP: 10/30
 22270 | D:15     | Found a staircase to the Depths.
 22899 | Spider:1 | Entered Level 1 of the Spider Nest
 24466 | Spider:2 | You fall into a shaft and drop 1 floor!
 24600 | Spider:2 | Reached ****** piety under Kikubaaqudgha
 25769 | D:2      | Bought the +4 chain mail "Wuyqamne" {rF- Will+++ MP+9
                  | Str-2} for 940 gold pieces
 26101 | Spider:2 | Gained mutation: Your spells are a little harder to cast,
                  | but a little more powerful. [mutagenic glow]
 26115 | Spider:2 | Gained mutation: You occasionally shout uncontrollably at
                  | your foes. [mutagenic glow]
 26161 | Spider:2 | Learned a level 5 spell: Irradiate
 26487 | Spider:3 | Reached XP level 17. HP: 135/135 MP: 32/32
 26888 | Spider:3 | Reached skill level 10 in Conjurations
 26888 | Spider:3 | Reached skill level 10 in Hexes
 26888 | Spider:3 | Reached skill level 10 in Summonings
 26888 | Spider:3 | Reached skill level 10 in Translocations
 26888 | Spider:3 | Reached skill level 10 in Transmutations
 26888 | Spider:3 | Reached skill level 10 in Fire Magic
 26888 | Spider:3 | Reached skill level 10 in Ice Magic
 26888 | Spider:3 | Reached skill level 10 in Air Magic
 26888 | Spider:3 | Reached skill level 10 in Earth Magic
 26888 | Spider:3 | Reached skill level 10 in Poison Magic
 27427 | Shoals:1 | Entered Level 1 of the Shoals
 27758 | Shoals:1 | Noticed a kraken
 27765 | Shoals:1 | Killed a kraken
 27812 | Shoals:1 | Identified the +5 mace of Generosity {freeze, rN+ rCorr}
 27892 | Shoals:1 | Found a large runed translucent door.
 28195 | Shoals:1 | Found a hide-covered altar of Uskayaw.
 28375 | Shoals:1 | Identified the +7 longbow "Immijag" {heavy, rElec rC+ Str-4
                  | Dex+6}
 28401 | Shoals:1 | Found a large runed translucent door.
 28404 | Shoals:1 | Noticed DSscumlord's ghost (adept DsWn)
 28758 | Shoals:1 | Noticed a titan
 28794 | Shoals:1 | Killed a titan
 28885 | Shoals:1 | Killed DSscumlord's ghost
 29562 | Shoals:2 | Gained mutation: Your body sometimes deteriorates upon
                  | taking damage. [mutagenic glow]
 29665 | Shoals:2 | Noticed Polyphemus
 29678 | Shoals:2 | Killed Polyphemus
 29759 | Shoals:2 | Reached XP level 18. HP: 143/143 MP: 34/34
 29851 | Shoals:2 | Identified the +11 falchion "Ezaxy" {flame, Contam rF+ rC++
                  | Int+2}
 30361 | Shoals:3 | Reached skill level 15 in Ranged Weapons
 30376 | Shoals:3 | Noticed Mlioglotl
 30381 | Shoals:3 | Killed Mlioglotl
 31239 | Shoals:4 | Entered Level 4 of the Shoals
 32494 | Shoals:4 | Got a barnacled rune of Zot
 32824 | Shoals:4 | Found a gateway to a bazaar.
 32832 | Bazaar   | Entered a bazaar
 32832 | Bazaar   | Found Jitooge's Antique Weapon Emporium.
 32832 | Bazaar   | Found Ulommepo's Distillery.
 32850 | Bazaar   | Found Hywn's Jewellery Boutique.
 32861 | Bazaar   | Found Xeargh's Antique Armour Shoppe.
 32869 | Bazaar   | Bought a shimmering ring mail for 162 gold pieces
 32869 | Bazaar   | Identified the +1 ring mail "Apsaghyr" {Drain Will+ Str+3}
                  | (You bought it in a shop in a bazaar)
 32869 | Bazaar   | Bought a polished scale mail for 162 gold pieces
 32869 | Bazaar   | Identified the +1 scale mail of the Comet {Regen+} (You
                  | bought it in a shop in a bazaar)
 32869 | Bazaar   | Found Geodehokh's General Store.
 33004 | Shoals:4 | Identified the +6 halberd of Massacring {heavy, Dex+6}
 33372 | Spider:4 | Entered Level 4 of the Spider Nest
 33890 | Spider:4 | Reached XP level 19. HP: 142/151 MP: 36/36
 34998 | Spider:4 | Got a gossamer rune of Zot
 35567 | Vaults:1 | Entered Level 1 of the Vaults
 36220 | Vaults:1 | Noticed a golden dragon
 36234 | Vaults:1 | Killed a golden dragon
 36254 | Vaults:1 | Reached skill level 15 in Invocations
 36672 | Vaults:1 | Reached XP level 20. HP: 160/160 MP: 37/37
 37709 | Vaults:2 | Found a staircase to the Crypt.
 37939 | Vaults:2 | Found Ozoriz's Antique Weapon Emporium.
 38124 | Vaults:2 | Reached skill level 15 in Fighting
 38124 | Vaults:2 | Reached skill level 15 in Dodging
 38329 | Vaults:2 | Reached skill level 15 in Necromancy
 39384 | Vaults:3 | Found Masixt's General Store.
 39718 | Vaults:3 | Reached XP level 21. HP: 168/168 MP: 39/39
 41320 | Vaults:4 | Reached skill level 15 in Stealth
 41423 | Vaults:4 | Noticed Sojobo
 41429 | Vaults:4 | Paralysed by an air elemental for 1 turns
 41772 | Depths:1 | Entered Level 1 of the Depths
 41772 | Depths:1 | Noticed Saint Roka
 41945 | Depths:1 | Killed Saint Roka
 42089 | Depths:1 | Found a gateway to Hell.
 42121 | Depths:1 | Found a one-way gate leading to the halls of Pandemonium.
 42136 | Depths:1 | HP: 1/169 [sun demon (13)]
 42265 | Depths:1 | Found a magical portal.
 42304 | WizLab   | Entered Wucad Mu's Monastery
 42552 | Depths:1 | Found Xasoesh's Jewellery Emporium.
 42683 | Depths:1 | Noticed Asterion
 42689 | Depths:1 | Killed Asterion
 42716 | Depths:1 | Found Zin's Purification Station.
 42721 | Depths:1 | Found a glowing silver altar of Zin.
 42735 | Depths:1 | Identified the +1 leather armour "Exkieliw" {Harm Fly rElec
                  | rF+}
 42802 | Depths:1 | Found a runed translucent door.
 42802 | Depths:1 | Noticed a golden dragon
 42817 | Depths:1 | Found a runed translucent door.
 42836 | Depths:1 | Reached skill level 15 in Short Blades
 42836 | Depths:1 | Reached skill level 15 in Long Blades
 42836 | Depths:1 | Reached skill level 15 in Axes
 42836 | Depths:1 | Reached skill level 15 in Maces & Flails
 42836 | Depths:1 | Reached skill level 15 in Polearms
 42836 | Depths:1 | Reached skill level 15 in Staves
 42836 | Depths:1 | Reached skill level 15 in Throwing
 42836 | Depths:1 | Reached skill level 15 in Armour
 42836 | Depths:1 | Reached skill level 15 in Shields
 42836 | Depths:1 | Reached skill level 15 in Unarmed Combat
 42836 | Depths:1 | Reached skill level 15 in Spellcasting
 42836 | Depths:1 | Reached skill level 15 in Evocations
 42861 | Depths:1 | Found a runed translucent door.
 42863 | Depths:1 | Found a runed translucent door.
 42866 | Depths:1 | Found a runed translucent door.
 42866 | Depths:1 | Noticed a juggernaut
 43219 | Depths:1 | Noticed a golden dragon
 43227 | Depths:1 | Killed a golden dragon
 43245 | Depths:1 | Noticed a caustic shrike
 43258 | Depths:1 | Killed a caustic shrike
 44228 | Depths:2 | Found Fushrurid's Antique Weapon Shop.
 44251 | Depths:2 | Reached XP level 22. HP: 177/177 MP: 41/41
 44251 | Depths:2 | Identified the +5 flail of Havoc {heavy, Will+ rCorr MP-9}
 44407 | Depths:2 | Found an iron altar of Okawaru.
 44479 | Depths:2 | Found a one-way gateway to a ziggurat.
 44650 | Depths:2 | Found a hazy altar of Hepliaklqana.
 45378 | Depths:3 | Identified the ring "Oxogry" {Wiz rC+ MP+9 Str+2 Int+4}
 45453 | Depths:3 | Found a glowing golden altar of the Shining One.
 45618 | Depths:3 | Noticed a golden dragon
 45631 | Depths:3 | Killed a golden dragon
 45640 | Depths:3 | Noticed a caustic shrike
 45646 | Depths:3 | Killed a caustic shrike
 46041 | Depths:3 | Identified the +6 shortbow of Ifupnur {heavy, rF+ Str+3}
 46240 | Depths:3 | Got the Cyclopedia of the Gestalt
 46263 | Depths:3 | Found a one-way gate to the infinite horrors of the Abyss.
 46656 | Depths:4 | Entered Level 4 of the Depths
 47568 | Depths:4 | Reached XP level 23. HP: 180/185 MP: 3/42
 48264 | Depths:4 | Found a gate to the Realm of Zot.
 49857 | Vaults:4 | Paralysed by an air elemental for 1 turns
 49863 | Vaults:4 | Killed Sojobo
 50307 | Vaults:4 | Learned a level 3 spell: Spider Form
 50316 | Vaults:4 | Learned a level 8 spell: Necromutation
 50320 | Vaults:5 | Entered Level 5 of the Vaults
 50333 | Vaults:4 | Gained mutation: You are clumsy. (Dex -2) [mutagenic glow]
 50351 | Vaults:4 | Gained mutation: You occasionally lose the ability to read
                  | scrolls when taking damage. [mutagenic glow]
 50380 | Vaults:4 | Gained mutation: Potions are less effective at restoring
                  | your health. [mutagenic glow]
 51124 | Vaults:5 | Identified the +9 flail of the Warrior {flame, rElec}
 51312 | Vaults:5 | Noticed an ancient lich
 51326 | Vaults:5 | Killed an ancient lich
 51558 | Vaults:5 | Noticed an ancient lich
 51574 | Vaults:5 | Killed an ancient lich
 51806 | Vaults:5 | Reached XP level 24. HP: 191/192 MP: 43/43
 51850 | Vaults:5 | Identified the +10 dire flail "Edisalor" {speed, rN+ Str+9
                  | Dex-4}
 51850 | Vaults:5 | Identified the ring "Esmurphats" {MP+9 Int+6 Dex+3 Stlth+}
 51909 | Vaults:5 | Got Ydozanyd's Handbook of Combat Magic
 51983 | Vaults:5 | Got a silver rune of Zot
 52264 | Vaults:5 | Noticed Margery
 52270 | Vaults:5 | Killed Margery
 52637 | Vaults:5 | Identified the +7 plate armour of Inevitability {Will+
                  | rCorr Slay-2}
 53257 | Vaults:5 | Identified the +8 longbow of Pyclewue {elec, rN+ rCorr
                  | Str-3 Int+2}
 53725 | Zot:1    | Entered Level 1 of the Realm of Zot
 54638 | Zot:4    | Noticed an orb of fire
 54649 | Zot:4    | Killed from afar by a quicksilver dragon

Illustrated notes

Levels and vault maps discovered:
D:1:      tarquinn_simple_flora_water_e, layout_rooms, serial_shops, shop,
          serial_forest, infiniplex_forest_lined_2,
          infiniplex_forest_lined_room_, infiniplex_forest_lined_2,
          infiniplex_forest_lined_corner, infiniplex_forest_lined_1,
          infiniplex_forest_clump_double, infiniplex_forest_straight_1,
          infiniplex_forest_clump_diagonal, infiniplex_forest_end_1
D:2:      layout_loops_ring, serial_shops, shop, nicolae_shop_statue_plus, shop,
          nicolae_shop_behind_doors, shop, serial_aquarium,
          aquarium_bridge_straight [aquarium_subvault_bridge,
          aquarium_subvault_wall, aquarium_subvault_bridge,
          aquarium_subvault_balcony], aquarium_bridge_square
          [aquarium_subvault_bridge, aquarium_subvault_bridge,
          aquarium_subvault_balcony, aquarium_subvault_window],
          aquarium_window_double, aquarium_window_2, aquarium_window_corridor_1,
          aquarium_view_2f, aquarium_view_2c, aquarium_balcony_3b
D:3:      layout_rooms, ebering_ghost_sewer_f, minmay_liquid_box
D:4:      gammafunk_cloud_chamber, layout_basic, temple_hall, serial_shops,
          shop, hangedman_decor_riveting, uniq_edmund
D:5:      layout_loops_corners, nicolae_uskayaw_en_pointe, serial_bayou_ford_a,
          st_stairs_7, chequers_serial_rivers_small_b, kennysheep_windowed_goal
D:6:      lemuel_slime, layout_basic, lemuel_tele_altar
D:7:      layout_basic, nicolae_sif_muna_condensation, amcnicky_altar_gilded
D:8:      layout_basic, mainiacjoe_overflow_small_starburst, david_lair_shrubbed
D:9:      layout_loops_ring, amethyst_overflow_temple_binary, enter_bailey_3,
          uniq_pikel
D:10:     layout_basic, trove_entry_hex_spiral, nicolae_figureground_pulse,
          uniq_grum, uniq_gastronok
D:11:     layout_gridville, orc_0_dummy, serial_shops, nicolae_diamond_shop,
          nicolae_elevator_lobby_asterisk
D:12:     layout_roguey, onia_ninara_cookie
D:13:     layout_gridville, lightli_vaults_fourway_checkpoint, serial_shops,
          nicolae_shop_trees, drop_trap, uniq_lodul
D:14:     layout_roguey, serial_shops, kennysheep_mini_moat,
          serial_park_tiny_pond, uniq_kirke
D:15:     gammafunk_enter_depths_forms, layout_cave_pools, hangedman_decor_push,
          hangedman_decor_clover_reticule, st_stairs_8, nzn_life_drinkers
Temple:   minmay_freezing_vapour_temple
Lair:1:   layout_chaotic_city, gauntlet_entry_generic, infiniplex_staircase_pool
Lair:2:   layout_cave_shapes, elwin_shoals_entry_rooms
Lair:3:   layout_gridlike, hellmonk_spider_entry_life_and_decay, minivault_23,
          lemuel_fruit_fields
Lair:4:   layout_hall_layers
Lair:5:   gammafunk_lair_ancient_temple, layout_big_grid, slime_entry_1,
          columned_hall_lemuel, chequers_serial_rivers_large_a
Shoals:1: cheibrodos_shoals_gigantism, layout_shoals,
          ebering_ghost_disaster_area, regret_index_shoals_crete
Shoals:2: layout_shoals, nicolae_shoals_undead_eyrie, uniq_polyphemus
Shoals:3: layout_shoals, uniq_mlioglotl
Shoals:4: shoals_end_grunt_garden, layout_shoals, serial_shops, statue_bzr
Spider:1: layout_spider_delve, special_room [special_room_bee]
Spider:2: layout_spider_delve
Spider:3: spiders_nest_scorpion_pit, hellmonk_spider_spawner
Spider:4: hellmonk_spider_rune_endless_swarm, portal_ice_cave_entry_pillars_1,
          nicolae_spider_undead_wolf_pack
Orc:1:    layout_caves, basic_altar, serial_shops, shop
Orc:2:    st_orc_elflike, layout_diamond_mine, basic_altar,
          nicolae_alphabet_shops
Vaults:1: vaults_standard_mumra_enter_the_diamond, hangedman_vaults_trim,
          ontoclasm_vaults_ligature, v_misc_15, nicolae_vaults_little_squares_5,
          hangedman_vaults_corner_blocks, nicolae_vaults_minivaults,
          ontoclasm_vaults_gateway, nicolae_vaults_twisting_passages,
          hangedman_vaults_restitches, nicolae_vaults_theta, vaults_room_pools,
          nicolae_vaults_network_star, nicolae_vaults_three_branches,
          layout_vaults_omnibox
Vaults:2: nicolae_vaults_good_morning_starshine, v_misc_29,
          hangedman_vaults_restitches, hangedman_vaults_river_flow,
          vaults_dpeg_spiral, vaults_mumra_minichess_inversion,
          vaults_dpeg_ring, vaults_room_semicircle, nicolae_vaults_shelves_hall,
          layout_vaults_omnicross, minmay_crypt_entry_simple_statues,
          serial_shops, nicolae_diamond_shop
Vaults:3: ontoclasm_vaults_loading_screen, hangedman_vaults_restitches,
          grunt_vaults_focal, vaults_dpeg_hooks,
          vaults_room_grunt_arrival_ludios, layout_vaults_omnigrid,
          serial_shops, shop_fountains
Vaults:4: portal_desolation_entry_ruin, grunt_vaults_funnel,
          nicolae_vaults_stairing_the_circle, nicolae_vaults_mini_display_case,
          v_misc_30, hangedman_vaults_slither, ontoclasm_vaults_shuriken,
          nicolae_vaults_theta, vaults_standard_mumra_enter_the_diamond,
          vaults_room_stairs_pillars, nicolae_vaults_angled_halls,
          layout_vaults_chaotic_city, uniq_sojobo
Vaults:5: uniq_margery
Depths:1: minmay_the_grid_triangle_9x9_line_8_mashed
          [minmay_the_grid_triangle_9x9_tough_junction,
          minmay_the_grid_triangle_9x9_fully_insulated_deathbox,
          minmay_the_grid_triangle_9x9_wacky_v,
          minmay_the_grid_triangle_9x9_corruption,
          minmay_the_grid_triangle_9x9_warning,
          minmay_the_grid_triangle_9x9_swiss_cheese,
          minmay_the_grid_triangle_9x9_stretched_checkered,
          minmay_the_grid_triangle_9x9_prize_insulated], layout_gridlike,
          mu_enter_wizlab_3, serial_sigils, serial_sigils_hangedman_snap,
          serial_sigils_hangedman_etch, serial_sigils_hangedman_clutch,
          serial_sigils_hangedman_shear, rand_demon_pan_entry_5, hell_entry,
          serial_shops, shop, zin_purify, uniq_asterion, uniq_saint_roka
Depths:2: cheibrodos_birdhouse, layout_cave_pools, enter_ziggurat_d, pan_entry,
          hell_entry, lemuel_doored_altar, nicolae_stop_n_shop_1,
          okawaru_ov_weapons_minmay, firewood_loft,
          infiniplex_staircase_zigzag_5
Depths:3: cheibrodos_salmonella, layout_cave_pools, rand_demon_pan_entry_1,
          hellmouth_1, tso_altar, abyss_entry, serial_bayou_lake_a,
          serial_bayou_shore_b
Depths:4: grunt_twist_and_shout, layout_cross, grunt_hell_entry_dis_grunt
Zot:1:    layout_misc_corridors, grunt_megastairs_5
Zot:2:    layout_twisted_circle
Zot:3:    layout_onion, uniq_tiamat
Zot:4:    layout_cathedral_of_symmetry

Skill      XL: |  1  2  3  4  5  6  7  8  9 10 11 12 13 14 15 16 17 18 19 20 21 22 23 24 |
---------------+-------------------------------------------------------------------------+-----
Invocations    | 1 2 3 4 5 6 7 8 9 10 11 12 13 14 15 16 17 18 | 18.4
Short Blades   | 1 2 3 5 6 7 8 9 10 11 12 13 14 15 16 17 | 17.0
Long Blades    | 1 2 3 5 6 7 8 9 10 11 12 13 14 15 16 17 | 17.0
Axes           | 1 2 3 5 6 7 8 9 10 11 12 13 14 15 16 17 | 17.0
Maces & Flails | 1 2 3 5 6 7 8 9 10 11 12 13 14 15 16 17 | 17.0
Polearms       | 1 2 3 5 6 7 8 9 10 11 12 13 14 15 16 17 | 17.0
Staves         | 1 2 3 5 6 7 8 9 10 11 12 13 14 15 16 17 | 17.0
Throwing       | 1 2 3 5 6 7 8 9 10 11 12 13 14 15 16 17 | 17.0
Armour         | 1 2 3 5 6 7 8 9 10 11 12 13 14 15 16 17 | 17.0
Shields        | 1 2 3 5 6 7 8 9 10 11 12 13 14 15 16 17 | 17.0
Unarmed Combat | 1 2 3 5 6 7 8 9 10 11 12 13 14 15 16 17 | 17.0
Spellcasting   | 1 2 3 5 6 7 8 9 10 11 12 13 14 15 16 17 | 17.0
Evocations     | 1 2 3 5 6 7 8 9 10 11 12 13 14 15 16 17 | 17.0
Conjurations   | 1 2 3 4 5 6 7 8 9 10 11 12 13 14 | 14.5
Hexes          | 1 2 3 4 5 6 7 8 9 10 11 12 13 14 | 14.5
Summonings     | 1 2 3 4 5 6 7 8 9 10 11 12 13 14 | 14.5
Necromancy     | 1 2 3 4 5 6 7 8 10 11 12 13 14 15 16 17 18 | 18.5
Translocations | 1 2 3 4 5 6 7 8 9 10 11 12 13 14 | 14.5
Transmutations | 1 2 3 4 5 6 7 8 9 10 11 12 13 14 | 14.5
Fire Magic     | 1 2 3 4 5 6 7 8 9 10 11 12 13 14 | 14.5
Ice Magic      | 1 2 3 4 5 6 7 8 9 10 11 12 13 14 | 14.5
Air Magic      | 1 2 3 4 5 6 7 8 9 10 11 12 13 14 | 14.5
Earth Magic    | 1 2 3 4 5 6 7 8 9 10 11 12 13 14 | 14.5
Poison Magic   | 1 2 3 4 5 6 7 8 9 10 11 12 13 14 | 14.5
Fighting       | 5 6 7 8 9 10 11 12 13 14 15 16 17 | 17.6
Dodging        | 5 6 7 8 9 10 11 12 13 14 15 16 17 | 17.6
Stealth        | 3 4 5 6 7 8 9 10 11 12 13 14 15 16 17 | 17.2
Ranged Weapons | 9 10 11 12 13 14 15 16 17 18 | 18.7

Action                   |  1- 3 |  4- 6 |  7- 9 | 10-12 | 13-15 | 16-18 | 19-21 | 22-24 || total
-------------------------+-------+-------+-------+-------+-------+-------+-------+-------++-------
Melee: Lance             |       |       |       |       |       |       |       |     6 ||     6
       Bite              |       |       |       |       |       |       |       |     3 ||     3
       Punch             |       |       |       |       |       |       |       |     1 ||     1
 Fire: Shortbow          |    99 |    58 |       |       |       |       |       |       ||   157
       Sling             |       |    27 |   272 |   390 |   212 |       |       |       ||   901
       Longbow           |       |       |       |       |   340 |   723 |   667 |   656 ||  2386
 Cast: Sticky Flame      |       |       |     3 |    18 |    28 |    61 |    35 |    13 ||   158
       Freezing Cloud    |       |       |     2 |    22 |    83 |   142 |   145 |   166 ||   560
       Searing Ray       |       |       |       |    16 |     5 |       |     2 |       ||    23
       Borgnjor's Vile C |       |       |       |    47 |   141 |   199 |   183 |   216 ||   786
       Summon Mana Viper |       |       |       |       |    33 |    38 |    19 |    14 ||   104
       Death Channel     |       |       |       |       |     1 |     1 |    21 |    19 ||    42
       Irradiate         |       |       |       |       |       |    21 |    20 |    29 ||    70
       Dispel Undead     |       |       |       |       |       |     3 |       |     3 ||     6
Invok: Unearth Wretches  |       |       |     1 |       |       |       |       |       ||     1
Evoke: Wand              |       |     5 |     3 |    13 |     6 |     6 |     3 |     5 ||    41
       Condenser vane    |       |       |       |       |       |     2 |     2 |     1 ||     5
  Use: Scroll            |     3 |       |    13 |     4 |     7 |     9 |     6 |     1 ||    43
       Potion            |       |     1 |       |     1 |     1 |     5 |     9 |    18 ||    35
Armor: Leather armour    |    14 |    14 |     9 |    59 |    73 |    19 |       |       ||   188
       Chain mail        |       |       |       |       |       |   221 |   220 |   137 ||   578
Dodge: Dodged            |    28 |    38 |    70 |   156 |   201 |   515 |   385 |   299 ||  1692

Table legend: (Time is in decaauts)
 A = Elapsed time spent in this place.
 B = Non-inter-level travel time spent in this place.
 C = Inter-level travel time spent in this place.
 D = Time resting spent in this place.
 E = Time spent auto-exploring this place.
 F = Levels seen in this place.
 G = Mean time per level.
                   A        B        C        D        E       F      G
               +--------+--------+--------+--------+--------+-----+--------+
         Total |  55499 |  49507 |   5992 |  10035 |  30416 |  48 | 1156.2 |
       Dungeon |  16485 |  13641 |   2844 |   1938 |   9795 |  15 | 1099.0 |
        Temple |     11 |      3 |      8 |      0 |      0 |   1 |   11.0 |
          Lair |   7064 |   6379 |    685 |   1113 |   4251 |   5 | 1412.8 |
        Shoals |   6065 |   5667 |    398 |   1567 |   2963 |   4 | 1516.2 |
   Spider Nest |   6188 |   5655 |    533 |   1512 |   2949 |   4 | 1547.0 |
  Orcish Mines |   1113 |   1072 |     41 |    117 |    716 |   2 |  556.5 |
        Vaults |  10363 |   9475 |    888 |   1422 |   6215 |   5 | 2072.6 |
        Depths |   6703 |   6134 |    569 |   2015 |   2844 |   4 | 1675.8 |
           Zot |    812 |    790 |     22 |    318 |    250 |   4 |  203.0 |
        Bazaar |    136 |    136 |      0 |      0 |     53 |   1 |  136.0 |
         Trove |     43 |     43 |      0 |      0 |      2 |   1 |   43.0 |
        Wizlab |    196 |    196 |      0 |     31 |     92 |   1 |  196.0 |
      Gauntlet |    313 |    313 |      0 |      0 |    284 |   1 |  313.0 |
               +--------+--------+--------+--------+--------+-----+--------+

Top non-repeatable levels by time:
Depths:3: 2905 daAuts
Vaults:4: 2712 daAuts
Vaults:5: 2505 daAuts
    D:15: 2011 daAuts
Vaults:1: 1913 daAuts
  Lair:2: 1912 daAuts
Vaults:2: 1807 daAuts
Spider:4: 1801 daAuts
Shoals:4: 1758 daAuts
Shoals:1: 1694 daAuts
Depths:1: 1668 daAuts
  Lair:5: 1595 daAuts
Spider:1: 1546 daAuts
Spider:3: 1491 daAuts
Vaults:3: 1425 daAuts
